 Dungeon Crawl Stone Soup version 0.27-a0-1232-gc6a4cbde82 (webtiles) character file.

Game seed: 304553193731720423

247 funkygono the Stinger (level 6, -6/37 (41) HPs)
             Began as a Formicid Venom Mage on June 9, 2021.
             Mangled by a wight
             ... wielding a +3 hand axe
              (12 damage)
             ... on level 5 of the Dungeon.
             The game lasted 00:11:04 (5642 turns).

funkygono the Stinger (Formicid Venom Mage)         Turns: 5642, Time: 00:11:05

HP:   -6/37 (41)    AC:  3    Str: 13    XL:     6   Next: 34%
MP:   11/12         EV: 12    Int: 16    God:
Gold: 183           SH:  0    Dex: 17    Spells: 4/13 levels left

rFire    + . .     SeeInvis +   j - +1 whip (freeze)
rCold    x . .     Faith    .   (no shield)
rNeg     . . .     Spirit   .   a - +0 robe
rPois    .         Reflect  .   (helmet unavailable)
rElec    .         Harm     .   (no cloak)
rCorr    .         Rampage  .   q - +0 pair of gloves
Will     .....                  (no boots)
Stlth    ++........             (no amulet)
HPRegen  0.12/turn              d - +6 ring of dexterity
MPRegen  0.13/turn              m - ring of fire

@: drained
A: permanent stasis, dig shafts and tunnels, antennae 3, four strong arms
a: Dig, Shaft Self


You were on level 5 of the Dungeon.
You visited 1 branch of the dungeon, and saw 5 of its levels.

You collected 183 gold pieces.

Inventory:

Hand Weapons
 c - a +0 club
 i - a +1 whip
 j - a +1 whip of freezing (weapon)
Missiles
 g - 137 stones
Armour
 a - a +0 robe (worn)
 e - a +0 leather armour
 q - a +0 pair of gloves (worn)
Magical Staves
 s - a staff of air
Jewellery
 d - a +6 ring of dexterity (left hand)
 m - a ring of fire (right hand)
 r - a ring of fire
Scrolls
 b - a scroll of amnesia
Potions
 f - a potion of curing
 h - a potion of heal wounds
 k - a potion of attraction
 l - a potion of cancellation
 n - a potion of resistance {unknown}
 o - 3 potions of mutation
 p - a potion of lignification {unknown}


   Skills:
 + Level 0.2 Maces & Flails
 + Level 1.9 Dodging
 - Level 2.4 Stealth
 * Level 4.3 Spellcasting
 + Level 2.5 Transmutations
 * Level 6.4 Poison Magic


You had 4 spell levels left.
You knew the following spells:

 Your Spells              Type           Power      Damage    Failure   Level
a - Sting                 Tmut/Pois      68%        1d6       2%          1
b - Poisonous Vapours     Pois/Air       26%        N/A       7%          2
c - Mephitic Cloud        Conj/Pois/Air  10%        N/A       21%         3
d - Ignite Poison         Fire/Tmut/Pois 19%        N/A       14%         3

Your spell library contained the following spells:

 Spells                   Type           Power      Damage    Failure   Level
 Beastly Appendage        Tmut           22%        N/A       5%          1
 Spider Form              Tmut/Pois      8%         N/A       8%          3
 Wereblood                Tmut           11%        N/A       9%          2
 Olgreb's Toxic Radiance  Pois           23%        N/A       12%         4
 Ice Form                 Ice/Tmut       7%         N/A       67%         4
 Hydra Form               Tmut           5%         N/A       83%         5


Dungeon Overview and Level Annotations

Branches:
Dungeon (5/15)
 Temple: D:4-7

Altars:
Nemelex Xobeh
Sif Muna

Shops:
D:3 *


Innate Abilities, Weirdness & Mutations

You cannot be hasted, slowed, berserked, paralysed or teleported.
You can dig through walls and to a lower floor.
You have a pair of large antennae on your head. (SInv)
Your four strong arms can wield two-handed weapons with a shield.


Message History

The wight is moderately damaged.
A wight comes into view. It is wielding a +5 flail.
A wight comes into view. It is wielding a +2 trident.
The wight hits you with a +3 hand axe.
You feel drained.
Casting: Sting (safe; 2% risk of failure)
Confirm with . or Enter, or press ? or * to list all spells.
Aiming: Sting (safe; 2% risk of failure)
Press: ? - help, Shift-Dir - straight line, f/p - wight
Aim: a wight, wielding a +3 hand axe and wearing a +0 robe (moderately damaged, 74% to hit)
The sting hits the wight.
The wight partially resists.
The wight is moderately damaged.
The wight hits you with a +3 hand axe.
You hit the wight but do no damage.
The wight is moderately damaged.
A wight comes into view. It is wielding a +0 short sword.
The wight barely misses you.
You closely miss the wight.
The wight is moderately damaged.
The wight barely misses you.
You barely miss the wight.
The wight is moderately damaged.
The wight hits you with a +3 hand axe!
You whack the wight!
The wight is severely damaged.
The wight misses you.
You closely miss the wight.
The wight is severely damaged.
The wight hits you with a +3 hand axe!
* * * LOW HITPOINT WARNING * * *
You hit the wight but do no damage.
The wight is severely damaged.
The wight hits you with a +3 hand axe.
* * * LOW HITPOINT WARNING * * *
You feel drained.
* * * LOW HITPOINT WARNING * * *
Unknown command.
Things that are here:
a +0 whip; a jackal corpse The wight hits you with a +3 hand axe!
You die...

### #.##### .
###..#..##############
..##.<.)....#†..........#
...###......†...@.......#
....##......##...z......#
.........#####..........#
.#......## #.....z....#
.........## #..........#
##..###...# #..#'''#z..#
#.# ##..# #.##...##z.#
#..####..####.##...##z.#
..........##...##...##.##


You could see 5 wights.

Vanquished Creatures
  A scorpion (D:5)
  A hound (D:5)
  Robin (D:2)
  3 gnolls (D:5)
  An adder (D:2)
  An ufetubus (D:4)
  A worm (D:2)
  3 dart slugs
  3 orcs
  11 endoplasms
  4 giant cockroaches
  4 hobgoblins (D:2)
  8 jackals
  5 kobolds
  2 quokkas (D:1)
  8 ball pythons
  8 bats
  6 frilled lizards
  12 goblins
  4 rats
87 creatures vanquished.

Notes
Turn   | Place    | Note
-------+----------+-------------------------------------------
     0 | D:1      | funkygono the Formicid Venom Mage began the quest for the
                  | Orb.
     0 | D:1      | Reached XP level 1. HP: 13/13 MP: 3/3
   297 | D:1      | Reached XP level 2. HP: 15/19 MP: 1/5
   446 | D:1      | Learned a level 2 spell: Poisonous Vapours
   590 | D:1      | Reached XP level 3. HP: 24/24 MP: 3/6
   594 | D:1      | Learned a level 3 spell: Mephitic Cloud
  1038 | D:1      | Reached skill level 5 in Poison Magic
  1787 | D:1      | Found a faded altar of an unknown god.
  2253 | D:2      | Reached XP level 4. HP: 30/30 MP: 5/8
  2257 | D:2      | Learned a level 3 spell: Ignite Poison
  2520 | D:2      | Noticed Robin
  2541 | D:2      | Killed Robin
  3754 | D:3      | Found Kethruuc's General Store.
  3810 | D:3      | Reached XP level 5. HP: 34/35 MP: 7/9
  3920 | D:3      | Found a sparkling altar of Nemelex Xobeh.
  4179 | D:3      | Found a shimmering blue altar of Sif Muna.
  4442 | D:4      | Reached skill level 6 in Poison Magic
  5063 | D:5      | Entered Level 5 of the Dungeon
  5088 | D:5      | Reached XP level 6. HP: 12/41 MP: 6/11
  5642 | D:5      | Mangled by a wight

Illustrated notes

Levels and vault maps discovered:
D:1:      psy_arrival_statuary, layout_basic,
          shapermc_ecumenical_altar_hornbeckon, st_stairs_10,
          hangedman_decor_clover_reticule, minmay_vboxes
D:2:      layout_basic, serial_corexii_hall, corexii_hall_statues_l,
          chequers_hall_statues_y, uniq_robin
D:3:      layout_loops_corners, led_sif_pool, nemelex_xobeh_ov_fountains_minmay,
          serial_shops, shop_fountains
D:4:      layout_loops_ring
D:5:      layout_cave_pools, kennysheep_little_box, minmay_temple_entry_trees,
          gammafunk_ghost_stat_death, serial_gnoll_camp, gnoll_camp_mini_shop,
          gnoll_camp_mini_hut, gnoll_camp_mini_doghouse, gnoll_camp_mini_basic,
          gnoll_camp_mini_sergeant

Skill      XL: |  1  2  3  4  5  6 |
---------------+-------------------+-----
Poison Magic   | 5 6 |  6.4
Spellcasting   | 3 4 |  4.3
Transmutations | 2 |  2.5
Maces & Flails | |  0.2
Dodging        | |  1.9
Stealth        | |  2.4

Action                   |  1- 3 |  4- 6 || total
-------------------------+-------+-------++-------
Melee: Short sword       |     2 |       ||     2
       Club              |    17 |    16 ||    33
       Whip              |       |    16 ||    16
 Cast: Sting             |    60 |    87 ||   147
  Use: Scroll            |     2 |     9 ||    11
Armor: Robe              |     6 |    12 ||    18
Dodge: Dodged            |    24 |    51 ||    75

Table legend: (Time is in decaauts)
 A = Elapsed time spent in this place.
 B = Non-inter-level travel time spent in this place.
 C = Inter-level travel time spent in this place.
 D = Time resting spent in this place.
 E = Time spent auto-exploring this place.
 F = Levels seen in this place.
 G = Mean time per level.
                   A        B        C        D        E       F      G
               +--------+--------+--------+--------+--------+-----+--------+
         Total |   5659 |   5507 |    152 |    543 |   4155 |   5 | 1131.8 |
       Dungeon |   5659 |   5507 |    152 |    543 |   4155 |   5 | 1131.8 |
               +--------+--------+--------+--------+--------+-----+--------+

Top non-repeatable levels by time:
     D:1: 2023 daAuts
     D:2: 1204 daAuts
     D:3: 1086 daAuts
     D:4: 766 daAuts
     D:5: 578 daAuts
